Cogmind - Beta 16 @@@ ROGUE MODE // 2025.12.07 @ 22:26:20 Player: Lazz Result: Destroyed by B-75 Beast with Heavy Plasma Cannon Performance ------------- Evolutions (4) 2000 Regions Visited (11) 2200 Robots Destroyed (111) 555 Value Destroyed (4459) 4459 Prototype IDs (4) 80 Alien Tech Used (0) 0 Bonus (2776) 2776 TOTAL SCORE: 12070 Bonus ------- High Alert Combat Kills 235 Follower Combat Kills 241 Entered Garrisons 800 Used RIF Installer 1500 Cogmind --------- Core Integrity 0/850 Matter 148/300 Energy 18/100 System Corruption 1% Temperature Cool (12) Movement Core (100) Ox1 Location -6/Garrison Parts ------- > --- POWER (1) -------- (None) > --- PROPULSION (4) --- (None) > --- UTILITY (7) ------ Advanced Heat Sink Advanced Targeting Computer System Shield > --- WEAPON (3) ------- Impact Mace > --- INVENTORY (5) ---- Advanced Heat Sink Advanced Signal Interpreter Improved Weapon Cycler Hacking Suite Heavy Laser Peak State ------------ > --- POWER ------------ Light Antimatter Reactor > --- PROPULSION ------- Improved Heavy Treads Improved Heavy Treads > --- UTILITY ---------- Advanced Heat Sink Large Storage Unit Advanced Targeting Computer Layered Medium Armor Plating Hacking Suite System Shield System Shield > --- WEAPON ----------- Heavy Laser Heavy Laser Heavy Flak Cannon > --- INVENTORY -------- Light Fission Core Fusion Compressor Advanced Treads Medium Treads Advanced Heat Sink Advanced Signal Interpreter Improved Weapon Cycler PD Laser Heavy Flak Cannon Improved Proton Missile Launcher Mini Grenade Launcher Impact Mace [Rating: 78] Favorites ----------- Power Light Nuclear Core Engine Ion Engine Power Core Light Nuclear Core Reactor Light Antimatter Reactor Propulsion Improved Heavy Treads Treads Improved Heavy Treads Wheel Wheel Utility System Shield Device Advanced Heat Sink Storage Large Storage Unit Processor Advanced Targeting Computer Hackware System Shield Protection Improved Light Armor Plating Weapon Heavy Flak Cannon Energy Gun Gatling Laser Ballistic Gun Gauss Rifle Ballistic Cannon Heavy Flak Cannon Launcher Shock Bomb Launcher Special Weapon Remote Datajack Impact Weapon Impact Mace Slashing Weapon Blade Saw Build | -11 -10 -9 -8 -7 -7 -7 -7 -6 -6 -6 -6 ------- Run | Yrd Mat Mat Mat Fac Gar Sto Gar Fac Gar Fac Gar Slots Evolved 8 | . . 2 2 2 . . . 2 . . . Power . | . . . . . . . . . . . . Propulsion 2 | . . . 1 . . . . 1 . . . Utility 5 | . . 1 1 2 . . . 1 . . . Weapon 1 | . . 1 . . . . . . . . . Parts Attached 78 | 7 . 8 4 1 6 1 31 8 1 6 5 Power 6 | 1 . . . . 1 . 2 1 . 1 . Engine 1 | 1 . . . . . . . . . . . Core 4 | . . . . . 1 . 2 1 . . . Reactor 1 | . . . . . . . . . . 1 . Propulsion 17 | 2 . 2 1 . 3 . 6 1 . . 2 Treads 15 | . . 2 1 . 3 . 6 1 . . 2 Leg . | . . . . . . . . . . . . Wheel 2 | 2 . . . . . . . . . . . Hover . | . . . . . . . . . . . . Flight . | . . . . . . . . . . . . Utility 26 | 2 . 2 1 1 1 . 14 3 1 1 . Device 7 | 1 . . . . . . 5 . . 1 . Storage 2 | 1 . 1 . . . . . . . . . Processor 2 | . . . . . . . 1 1 . . . Hackware 6 | . . 1 1 . . . 3 1 . . . Protection 9 | . . . . 1 1 . 5 1 1 . . Artifact . | . . . . . . . . . . . . Weapon 29 | 2 . 4 2 . 1 1 9 3 . 4 3 Energy Gun 11 | 1 . 1 1 . 1 . 2 1 . 2 2 Energy Cannon . | . . . . . . . . . . . . Ballistic Gun 2 | 1 . . . . . . 1 . . . . Ballistic Cannon 8 | . . 3 1 . . . 2 1 . 1 . Launcher 4 | . . . . . . 1 2 . . . 1 Special Weapon 1 | . . . . . . . . . . 1 . Impact Weapon 1 | . . . . . . . . 1 . . . Slashing Weapon 2 | . . . . . . . 2 . . . . Piercing Weapon . | . . . . . . . . . . . . Special Melee Weapon . | . . . . . . . . . . . . Unidentified Prototypes 2 | . . . . . . . 1 1 . . . Parts Lost 33 | . . . . . 4 . 14 . . 1 14 Power 3 | . . . . . . . 1 . . . 2 Propulsion 10 | . . . . . 3 . 2 . . . 5 Utility 12 | . . . . . 1 . 6 . . 1 4 Weapon 8 | . . . . . . . 5 . . . 3 Highest Loss Streak 8 | . . . . . 2 . 6 . . 1 8 To Critical Strikes . | . . . . . . . . . . . . Average Backups 12 | 2 7 9 13 14 14 13 12 12 12 12 11 Power 1 | . . . 1 2 2 2 2 1 1 1 . Propulsion 3 | 2 5 5 6 6 6 5 2 1 2 2 1 Utility 3 | . . 2 3 3 2 2 4 4 3 3 4 Weapon 3 | . 2 1 2 3 3 4 3 4 5 5 4 Tool/Special . | . . . . . . . . . . . . Unused Backups 24 | . . 4 3 3 . . 4 6 . 1 3 Power 7 | . . . . . . . 3 3 . 1 . Propulsion 10 | . . 3 3 3 . . 1 . . . . Utility 6 | . . . . . . . . 3 . . 3 Weapon 1 | . . 1 . . . . . . . . . Tool/Special . | . . . . . . . . . . . . Average Slot Usage (%) 90 | . 100 96 99 92 92 92 91 85 86 85 84 Engine 1 | . 14 11 9 7 2 . . . . . . Core 4 | . . . . . 4 7 6 6 6 3 . Treads 16 | . . 16 27 23 22 23 17 12 13 13 16 Device 7 | . 14 11 9 7 7 7 9 9 . 2 6 Storage 7 | . 14 11 9 7 7 7 7 6 6 6 5 Processor 2 | . . . . . . . 1 2 6 6 6 Hackware 14 | . . 8 17 15 15 15 5 21 21 20 19 Protection 8 | . . . . 7 8 7 16 5 11 10 4 Energy Gun 5 | . 14 2 . 7 10 15 4 2 3 9 10 Ballistic Gun 2 | . 14 1 . . . . 2 5 . . . Ballistic Cannon 12 | . . 27 26 15 11 6 11 10 13 7 4 Peak Build Rating 78 | 7 7 23 30 31 35 34 62 77 76 78 74 Average Rating 53 | 5 7 20 29 30 33 34 51 75 74 75 66 On Entrance 37 | . 7 7 23 29 31 34 34 62 73 75 78 Avg Prop Armor Cover (%) . | . . . . . . . . . . . . Naked Turns . | . . . . . . . . . . . . Heaviest Build 65 | 14 14 44 44 44 46 41 55 59 65 65 57 Greatest Support 150 | 20 20 44 66 66 71 71 103 150 150 150 133 Greatest Overweight (x) 1 | . . 1 . . . . 1 . . . 1 Average Overweight (x) . | . . . . . . . . . . . . Largest Inventory Capacity 15 | 8 8 15 15 15 15 15 15 15 15 15 15 Average Capacity 14 | 7 8 12 15 15 15 15 15 15 15 15 14 Most Carried 15 | 7 7 13 15 15 15 14 15 15 15 15 15 Average Carried 13 | 2 7 9 13 14 14 13 14 14 14 14 13 Final Capacity 15 | 8 8 15 15 15 15 15 15 15 15 15 5 Final Carried 15 | 7 7 13 14 15 13 14 14 15 15 15 5 Class Distribution -------------------- 39% | Hacker-Tank 24% | Scavenger-Tank 9% | Scavenger-Mutant 8% | Hacker-Gunner 7% | Gunner 3% | Tank 3% | Mutant Dominant Class ---------------- Mutant | -10/Materials Gunner | -9/Materials Hacker-Gunner | -8/Materials Hacker-Tank | -7/Factory Hacker-Tank | -7/Garrison Hacker-Tank | -7/Storage Scavenger-Tank | -7/Garrison Hacker-Tank | -6/Factory Hacker-Tank | -6/Garrison Hacker-Tank | -6/Factory Hacker-Tank | -6/Garrison Resources | -11 -10 -9 -8 -7 -7 -7 -7 -6 -6 -6 -6 ----------- Run | Yrd Mat Mat Mat Fac Gar Sto Gar Fac Gar Fac Gar Matter Collected 3420 | 278 2 252 375 . 453 53 795 525 118 303 266 Remotely . | . . . . . . . . . . . . Salvage Created 3782 | 178 45 252 291 . 478 54 1256 369 175 321 363 Parts 196 | 10 2 16 22 . 15 3 71 21 4 18 14 Haulers Intercepted 4 | . . 1 1 . . . . 2 . . . Recyclers Shooed . | . . . . . . . . . . . . Parts Field Recycled . | . . . . . . . . . . . . Retrieved Matter . | . . . . . . . . . . . . Parts Self-Destructed . | . . . . . . . . . . . . Prevented . | . . . . . . . . . . . . Parts Restored . | . . . . . . . . . . . . Kills | -11 -10 -9 -8 -7 -7 -7 -7 -6 -6 -6 -6 ------- Run | Yrd Mat Mat Mat Fac Gar Sto Gar Fac Gar Fac Gar Combat Hostiles Destroyed 94 | . 1 4 13 . 17 1 29 6 4 9 10 Melee 2 | . . . . . . . . . . . 2 Guns 26 | . 1 . . . 4 . 8 2 1 6 4 Cannons 55 | . . 4 13 . 13 1 11 4 3 3 3 AOE 11 | . . . . . . . 10 . . . 1 Classes Destroyed 15 | 2 1 4 2 . 1 1 2 1 1 . . Worker 2 | . . . . . . . . 2 . . . Builder 2 | . . 1 . . . . . 1 . . . Tunneler 3 | 3 . . . . . . . . . . . Hauler 4 | . . 1 1 . . . . 2 . . . Recycler 2 | 1 . 1 . . . . . . . . . Operator 1 | . . . . . . 1 . . . . . Watcher 3 | . . 1 . . . . . 1 . 1 . Swarmer 32 | . . . 7 . 7 . 13 . . 3 2 Cutter 4 | . . . . . . . 3 . . . 1 Grunt 23 | . 1 . 2 . 6 . 3 . 3 5 3 Brawler 2 | . . . . . 2 . . . . . . Duelist 2 | . . . . . . . . . 1 1 . Sentry 20 | . . 4 3 . 1 1 7 3 . . 1 Hunter 4 | . . . 1 . 1 . 1 . . . 1 Programmer 7 | . . . . . . . 2 3 . . 2 Best Kill Streak 10 | 4 1 3 10 . 7 1 8 3 4 3 2 Combat Bots Only 10 | . 1 1 10 . 7 1 8 1 4 3 2 Max Kills in Single Turn 2 | 1 1 1 2 . 2 1 2 2 1 1 1 Gunslinging . | . . . . . . . . . . . . Exploded 2 | . . . . . . . 2 . . . 1 Melee 1 | . . . . . . . . . . . 1 Uniques/NPCs Destroyed . | . . . . . . . . . . . . Combat | -11 -10 -9 -8 -7 -7 -7 -7 -6 -6 -6 -6 -------- Run | Yrd Mat Mat Mat Fac Gar Sto Gar Fac Gar Fac Gar Hostile Shots Fired 821 | . 3 22 59 4 84 72 264 69 16 41 187 Missed 264 | . 2 10 14 1 20 20 93 35 2 12 55 Hits 557 | . 1 12 45 3 64 52 171 34 14 29 132 Melee 13 | . . . . . 2 . 3 . 6 . 2 Projectile 544 | . 1 12 45 3 62 52 168 34 8 29 130 AOE 1 | . . . . . . . . . . . 1 Critical Strikes 14 | . . . 1 . 3 . 4 . 1 1 4 Damage Taken 8177 | . 12 181 586 48 815 398 1968 514 355 534 2766 Core 1366 | . 12 46 78 12 101 53 186 4 148 48 678 Absorbed by Shields . | . . . . . . . . . . . . Redirected to Shielding 116 | . . . . . 19 28 69 . . . . Ignored by Resistances 28 | . . . . . . . . 28 . . . Regen/Repaired (Parts) 191 | . . . . . . . . 191 . . . Core Remaining (%) 83 | 100 95 88 85 . . . 49 . . . . Volleys Fired 219 | 8 2 15 18 . 32 6 56 21 7 23 31 Largest 3 | 2 2 3 3 . 3 3 3 3 3 3 3 Hottest 182 | 60 60 111 111 . 182 182 182 152 168 182 182 Shots Fired 574 | 16 4 43 54 . 96 15 113 63 21 64 85 Gun 238 | 16 4 3 . . 41 9 47 28 7 35 48 Cannon 305 | . . 40 54 . 55 3 53 35 14 29 22 Launcher 31 | . . . . . . 3 13 . . . 15 Special . | . . . . . . . . . . . . Kinetic 358 | 8 2 41 54 . 55 3 67 56 14 36 22 Thermal 174 | . . 1 . . 41 9 33 7 7 28 48 Explosive 20 | . . . . . . . 9 . . . 11 Electromagnetic 22 | 8 2 1 . . . 3 4 . . . 4 Robot Hit Streak 16 | 3 6 6 9 . 13 9 16 12 8 14 11 Robot Miss Streak 24 | 1 . 14 8 . 24 5 9 13 3 13 4 Penetration Max 1 | . . . . . . . . 1 . . . Secondary Targets . | . . . . . . . . . . . . Autonomous 17 | . . . . . . . . . . . 17 Shots Hit Robots 444 | 9 4 23 41 . 80 12 98 47 19 46 65 Core Hits 459 | 5 2 24 45 . 110 8 115 37 26 45 42 Critical Kills . | . . . . . . . . . . . . Critical Parts Destroyed 2 | . . . . . . . . 2 . . . Critical Strikes 3 | . . . . . . . 1 2 . . . Destroy 2 | . . . . . . . . 2 . . . Sever 1 | . . . . . . . 1 . . . . Melee Attacks 52 | . . . . . . . 32 2 9 4 5 Thermal 3 | . . . . . . . 3 . . . . Impact 20 | . . . . . . . . 2 9 4 5 Slashing 29 | . . . . . . . 29 . . . . Piercing . | . . . . . . . . . . . . Sneak Attacks . | . . . . . . . . . . . . Combat Hostiles . | . . . . . . . . . . . . Follow-up Attacks . | . . . . . . . . . . . . Damage Inflicted 11005 | 114 45 408 575 . 1541 202 3112 1200 470 1032 2306 Guns 3452 | 114 45 . . . 568 127 698 485 157 483 775 Cannons 4630 | . . 408 575 . 973 32 617 566 313 549 597 Explosions 1837 | . . . . . . 43 864 149 . . 781 Melee 1086 | . . . . . . . 933 . . . 153 Ramming . | . . . . . . . . . . . . Kinetic 5181 | 35 18 408 575 . 973 32 727 875 313 628 597 Thermal 2994 | . . . . . 568 127 638 325 157 404 775 Explosive 1234 | . . . . . . . 604 . . . 630 Electromagnetic 497 | 79 27 . . . . 43 197 . . . 151 Impact 166 | . . . . . . . 13 . . . 153 Slashing 933 | . . . . . . . 933 . . . . Piercing . | . . . . . . . . . . . . Highest Corruption 6 | . 1 . . . 5 5 6 . . . 1 Average Corruption 5 | . 1 . . . 5 5 5 . . . 1 Corruption Purged . | . . . . . . . . . . . . Corruption Blocked . | . . . . . . . . . . . . Effects 54 | . . . . . 4 4 45 . . . 1 Message Errors 13 | . . . . . 2 2 9 . . . . Matter Fused 13 | . . . . . 2 1 10 . . . . Heat Flow Errors 10 | . . . . . . 1 9 . . . . Energy Discharges 4 | . . . . . . . 3 . . . 1 Parts Fused 1 | . . . . . . . 1 . . . . Data Loss (minor) 4 | . . . . . . . 4 . . . . Data Loss (major) 4 | . . . . . . . 4 . . . . Misfires 1 | . . . . . . . 1 . . . . Alerts 2 | . . . . . . . 2 . . . . Weapon Failures 2 | . . . . . . . 2 . . . . Overload Shots . | . . . . . . . . . . . . Overflow Damage 48 | . . . . . . . 22 1 . 3 22 Projectiles 4 | . . . . . . . . 1 . 3 . Explosions 24 | . . . . . . . 17 . . . 7 Melee 20 | . . . . . . . 5 . . . 15 Knockbacks 88 | . . 4 16 . 20 . 11 4 15 13 5 Impact . | . . . . . . . . . . . . Kinetic 81 | . . 4 15 . 18 . 10 4 12 13 5 Secondary 7 | . . . 1 . 2 . 1 . 3 . . Self-Inflicted Damage 461 | . . . . . . 18 236 164 . . 43 Shots 11 | . . . . . . 1 6 2 . . 2 Rammed . | . . . . . . . . . . . . Targets Rammed . | . . . . . . . . . . . . Kicked . | . . . . . . . . . . . . Crushed . | . . . . . . . . . . . . Highest Temperature 470 | 40 26 135 166 . 360 228 258 288 350 470 327 Average Temperature 103 | 24 15 40 51 . 137 93 61 77 152 157 104 Received Heat Transfer 2235 | . 6 54 81 . 282 114 375 54 90 216 963 Effects 11 | . . . . . 1 . . . 1 9 . Shutdowns 4 | . . . . . . . . . 1 3 . Energy Bleed 2 | . . . . . 1 . . . . 1 . Interference 3 | . . . . . . . . . . 3 . Matter Decay 1 | . . . . . . . . . . 1 . Short Circuit 1 | . . . . . . . . . . 1 . Siege Activations . | . . . . . . . . . . . . Martial Activations . | . . . . . . . . . . . . Shielding Activations . | . . . . . . . . . . . . Robots Disrupted . | . . . . . . . . . . . . Combat Hostiles . | . . . . . . . . . . . . Robots Corrupted . | . . . . . . . . . . . . Combat Hostiles . | . . . . . . . . . . . . Parts Fried . | . . . . . . . . . . . . Impact Corruptions 1 | . . . . . . . . . . . 1 Robots Melted . | . . . . . . . . . . . . Combat Hostiles . | . . . . . . . . . . . . Parts Melted 4 | . . . . . 2 1 . . 1 . . Heat Transferred 5410 | . . . . . 886 255 1375 450 350 858 1236 Parts Sabotaged . | . . . . . . . . . . . . Parts Stolen . | . . . . . . . . . . . . Parts Stripped . | . . . . . . . . . . . . Power Chain Reactions 1 | . . . . . . . 1 . . . . Alert | -11 -10 -9 -8 -7 -7 -7 -7 -6 -6 -6 -6 ------- Run | Yrd Mat Mat Mat Fac Gar Sto Gar Fac Gar Fac Gar Maximum Alert Level 4 | . . . 1 . 1 . 4 2 1 . 1 Low Security (%) 45 | 100 100 100 48 100 58 100 5 21 39 100 61 Level 1 33 | . . . 51 . 41 . 46 37 60 . 38 Level 2 11 | . . . . . . . 12 41 . . . Level 3 9 | . . . . . . . 32 . . . . Level 4 . | . . . . . . . 1 . . . . Level 5 . | . . . . . . . . . . . . High Security . | . . . . . . . . . . . . Max Security . | . . . . . . . . . . . . Peak Influence 1218 | 10 35 59 252 23 334 167 1218 639 206 152 380 Initial 639 | . . 10 10 23 9 162 98 639 88 107 58 Average 291 | 2 12 13 138 6 158 147 562 361 179 95 197 Influence Increases 3572 | 20 45 144 342 14 365 50 1320 448 118 265 441 Destroy 0b10 Robot/C 2000 | . 20 80 260 . 340 20 600 120 80 180 300 Destroy 0b10 Robot/NC 125 | 20 . 20 5 . 5 5 25 40 . 5 . Destroy Leader 346 | . 10 44 62 . 20 10 40 68 10 42 40 Allied During Kill 50 | . . . . . . . 8 18 . . 24 Successful Hack 93 | . . . . 14 . . 36 13 26 4 . Disable Machine 135 | . . . . . . 15 . 105 . . 15 Anti-Garrison Action 300 | . . . . . . . 300 . . . . Destroy Structure 223 | . . . . . . . 101 84 2 4 32 Lose Combat Pursuer 300 | . 15 . 15 . . . 210 . . 30 30 Influence Decreases 3253 | 20 20 143 316 52 45 232 254 1539 39 387 206 Entered New Map 1034 | . . 15 16 29 5 172 54 579 39 99 26 Time Decay 1149 | 20 20 128 150 23 . 60 . 470 . 278 . Lost Part 330 | . . . . . 40 . 140 . . 10 140 Lost Ally 140 | . . . . . . . 60 40 . . 40 Purge Threat 600 | . . . 150 . . . . 450 . . . Squads Dispatched 6 | . 1 . . . . 1 . 2 . 2 . Investigation 1 | . 1 . . . . . . . . . . Extermination 1 | . . . . . . . . 1 . . . Reinforcement 3 | . . . . . . . . 1 . 2 . Assault . | . . . . . . . . . . . . Garrison 1 | . . . . . . 1 . . . . . Intercept . | . . . . . . . . . . . . Searches Triggered . | . . . . . . . . . . . . Construction Impeded . | . . . . . . . . . . . . Haulers Reinforced . | . . . . . . . . . . . . Active Scanning Responses . | . . . . . . . . . . . . Cargo Convoy Interrupts . | . . . . . . . . . . . . Stealth | -11 -10 -9 -8 -7 -7 -7 -7 -6 -6 -6 -6 --------- Run | Yrd Mat Mat Mat Fac Gar Sto Gar Fac Gar Fac Gar Distress Signals 1 | . . . . . . . . 1 . . . Communications Jammed . | . . . . . . . . . . . . Distress Signals . | . . . . . . . . . . . . Times Spotted 136 | . 2 5 14 1 17 4 41 10 4 18 20 Peak Tracking Total 9 | . 2 2 6 1 4 1 9 2 4 4 7 Tactical Retreats 14 | . 1 . 1 . . . 8 . . 2 2 Traps | -11 -10 -9 -8 -7 -7 -7 -7 -6 -6 -6 -6 ------- Run | Yrd Mat Mat Mat Fac Gar Sto Gar Fac Gar Fac Gar Traps Triggered 4 | . . . 1 . . 1 1 1 . . . Indirectly 2 | . . . . . . 1 1 . . . . Trap Hack Attempts . | . . . . . . . . . . . . Triggered . | . . . . . . . . . . . . Disarmed . | . . . . . . . . . . . . Reprogrammed . | . . . . . . . . . . . . Reused . | . . . . . . . . . . . . Traps Extracted . | . . . . . . . . . . . . Installed . | . . . . . . . . . . . . Triggered . | . . . . . . . . . . . . Machines | -11 -10 -9 -8 -7 -7 -7 -7 -6 -6 -6 -6 ---------- Run | Yrd Mat Mat Mat Fac Gar Sto Gar Fac Gar Fac Gar Machines Disabled 12 | . . . . . . 1 3 7 . . 1 Max in Single Turn 2 | . . . . . . 1 2 2 . . . Garrison Relay 1 | . . . . . . . 1 . . . . Phase Generator 1 | . . . . . . . 1 . . . . Machines Repaired . | . . . . . . . . . . . . Machines Dismantled . | . . . . . . . . . . . . Machines Sabotaged . | . . . . . . . . . . . . Overloaded Fab Kills . | . . . . . . . . . . . . Hacking | -11 -10 -9 -8 -7 -7 -7 -7 -6 -6 -6 -6 --------- Run | Yrd Mat Mat Mat Fac Gar Sto Gar Fac Gar Fac Gar Machines Accessed 21 | . 1 . 1 1 1 1 4 6 2 3 1 Terminals 15 | . 1 . 1 . 1 . 4 3 2 2 1 Fabricators 1 | . . . . . . . . 1 . . . Repair Stations 1 | . . . . . . . . 1 . . . Recycling Units . | . . . . . . . . . . . . Scanalyzers . | . . . . . . . . . . . . Garrison Access 4 | . . . . 1 . 1 . 1 . 1 . Total Hacks 54 | . 3 . 11 1 2 1 6 14 6 7 3 Successful 24 | . . . 2 1 . 1 3 11 2 3 1 Failed 30 | . 3 . 9 . 2 . 3 3 4 4 2 Catastrophic 6 | . . . 1 . . . . 1 2 1 1 Database Lockouts . | . . . . . . . . . . . . Manual 18 | . . . 7 . 1 . . 4 3 3 . Terminals 45 | . 3 . 11 . 2 . 6 8 6 6 3 Fabricators 1 | . . . . . . . . 1 . . . Repair Stations 4 | . . . . . . . . 4 . . . Recycling Units . | . . . . . . . . . . . . Scanalyzers . | . . . . . . . . . . . . Garrison Access 4 | . . . . 1 . 1 . 1 . 1 . Terminal Hacks 15 | . . . 2 . . . 3 5 2 2 1 Prototype ID Bank 1 | . . . . . . . . . . 1 . Open Door 2 | . . . . . . . 1 . . . 1 Terminal Index 2 | . . . 1 . . . . 1 . . . Garrison Index 1 | . . . . . . . . 1 . . . Unreport Threat 4 | . . . 1 . . . . 3 . . . Zone Layout 1 | . . . . . . . . . . 1 . Garrison Registry 2 | . . . . . . . 1 . 1 . . Security Stations 2 | . . . . . . . 1 . 1 . . Fabricator Hacks 1 | . . . . . . . . 1 . . . Build 1 | . . . . . . . . 1 . . . Repair Station Hacks 4 | . . . . . . . . 4 . . . Scan Component 2 | . . . . . . . . 2 . . . Repair 2 | . . . . . . . . 2 . . . Recycling Unit Hacks . | . . . . . . . . . . . . Scanalyzer . | . . . . . . . . . . . . Garrison Access Hacks 4 | . . . . 1 . 1 . 1 . 1 . Unlock Access 4 | . . . . 1 . 1 . 1 . 1 . Unauthorized Hacks . | . . . . . . . . . . . . Terminals . | . . . . . . . . . . . . Fabricators . | . . . . . . . . . . . . Repair Stations . | . . . . . . . . . . . . Recycling Units . | . . . . . . . . . . . . Scanalyzers . | . . . . . . . . . . . . Garrison Access . | . . . . . . . . . . . . Data Cores Recovered 1 | . . . . . . 1 . . . . . Used . | . . . . . . . . . . . . Hacking Detections 15 | . 1 . 1 . 1 . 4 4 2 2 . Full Trace Events 1 | . 1 . . . . . . . . . . Feedback Events 1 | . 1 . . . . . . . . . . Corruption 1 | . 1 . . . . . . . . . . Feedback Blocked . | . . . . . . . . . . . . Robot Schematics Acquired . | . . . . . . . . . . . . Robots Built . | . . . . . . . . . . . . Authchips . | . . . . . . . . . . . . Time . | . . . . . . . . . . . . Total Robot Build Rating . | . . . . . . . . . . . . Part Schematics Acquired . | . . . . . . . . . . . . Parts Built 2 | . . . . . . . . 2 . . . Authchips . | . . . . . . . . . . . . Time 47 | . . . . . . . . 47 . . . Total Part Build Rating 10 | . . . . . . . . 10 . . . Part Studies Acquired . | . . . . . . . . . . . . Parts Repaired 2 | . . . . . . . . 2 . . . Time 70 | . . . . . . . . 70 . . . Parts Recycled . | . . . . . . . . . . . . Recycled Matter . | . . . . . . . . . . . . Retrieved Matter . | . . . . . . . . . . . . Retrieved Components . | . . . . . . . . . . . . Parts Scanalyzed . | . . . . . . . . . . . . Part Schematics Acquired . | . . . . . . . . . . . . Parts Damaged . | . . . . . . . . . . . . Bothacking | -11 -10 -9 -8 -7 -7 -7 -7 -6 -6 -6 -6 ------------ Run | Yrd Mat Mat Mat Fac Gar Sto Gar Fac Gar Fac Gar Used RIF Installer 3 | . . . . . 1 . 1 . 1 . . Watcher Feeds 1 | . . . . . . . . . 1 . . Patrol Navigation 1 | . . . . . . . 1 . . . . Robots Hacked . | . . . . . . . . . . . . Non-combat . | . . . . . . . . . . . . Combat . | . . . . . . . . . . . . Robot Hacks Applied . | . . . . . . . . . . . . Relay Couplers Released 7 | . . . . . . . 3 4 . . . Machine Destruction 3 | . . . . . . . 3 . . . . Programmers 4 | . . . . . . . . 4 . . . Attached 1 | . . . . . . . 1 . . . . Fabnet Peak Effective % . | . . . . . . . . . . . . Robots Rewired 11 | . . . . . . . 8 . . . 3 Allies Hacked 1 | . . . . . . . . 1 . . . Hacks Repelled 1 | . . . . . . . . . . . 1 Allies | -11 -10 -9 -8 -7 -7 -7 -7 -6 -6 -6 -6 -------- Run | Yrd Mat Mat Mat Fac Gar Sto Gar Fac Gar Fac Gar Total Allies 11 | . . . . . . . 8 . . . 3 Largest Group 6 | . . . . . . . 6 2 . . 3 Highest-Rated Group 143 | . . . . . . . 90 59 . . 143 Highest-Rated Ally 51 | . . . . . . . 39 39 . . 51 Total Orders . | . . . . . . . . . . . . Ally Attacks 59 | . . . . . . . 19 19 . . 21 Total Damage 1156 | . . . . . . . 119 644 . . 393 Kills 8 | . . . . . . . 1 2 . . 5 Allies Corrupted . | . . . . . . . . . . . . Allies Melted . | . . . . . . . . . . . . Intel | -11 -10 -9 -8 -7 -7 -7 -7 -6 -6 -6 -6 ------- Run | Yrd Mat Mat Mat Fac Gar Sto Gar Fac Gar Fac Gar Active Infowar (turns) 1884 | 6 82 509 376 112 571 127 101 . . . . Seismic 1884 | 6 82 509 376 112 571 127 101 . . . . Robot Analysis Total . | . . . . . . . . . . . . Derelict Logs Recovered . | . . . . . . . . . . . . Drone Launches . | . . . . . . . . . . . . Drone Recoveries . | . . . . . . . . . . . . Exploration | -11 -10 -9 -8 -7 -7 -7 -7 -6 -6 -6 -6 ------------- Run | Yrd Mat Mat Mat Fac Gar Sto Gar Fac Gar Fac Gar Turns Passed 6342 | 84 82 509 376 112 571 127 1835 1184 314 615 533 Spaces Moved 3204 | 56 77 312 204 74 279 65 885 581 161 304 206 Core 1 | 1 . . . . . . . . . . . Treads 2973 | . . 214 204 74 279 65 885 581 161 304 206 Legs . | . . . . . . . . . . . . Wheels 230 | 55 77 98 . . . . . . . . . Hover . | . . . . . . . . . . . . Flight . | . . . . . . . . . . . . Fastest Speed 50 | 50 80 80 145 145 145 160 152 160 160 160 160 Average Speed 150 | 79 80 126 145 145 151 160 153 160 160 160 168 Slowest Speed 240 | 80 80 225 145 145 160 160 240 160 160 160 240 Overloaded Moves . | . . . . . . . . . . . . Propulsion Burnouts . | . . . . . . . . . . . . Robots Hopped . | . . . . . . . . . . . . Potential Cave-ins 6 | . . . . . . . . . 6 . . Cave-ins Triggered . | . . . . . . . . . . . . Exploration Rate (%) 22 | 3 22 22 21 3 42 14 70 16 23 10 25 Regions Visited 11 Branch Regions 1 Pre-discovered Areas . | . . . . . . . . . . . . Known Exits Taken 4 | . . . . 1 . 1 . 1 . 1 . Unknown Exits Taken 4 | 1 1 1 1 . . . . . . . . Scrap Searched . | . . . . . . . . . . . . Spaces Dug 14 | . . . . . . . . 2 8 4 . Terrain Destroyed 206 | . . . . . . . 120 38 8 4 36 Melee 14 | . . . . . . . . 2 8 4 . Projectile 2 | . . . . . . . 1 1 . . . AOE 190 | . . . . . . . 119 35 . . 36 Terrain Rammed . | . . . . . . . . . . . . Walls Destroyed . | . . . . . . . . . . . . Machines Disabled . | . . . . . . . . . . . . Actions | -11 -10 -9 -8 -7 -7 -7 -7 -6 -6 -6 -6 --------- Run | Yrd Mat Mat Mat Fac Gar Sto Gar Fac Gar Fac Gar Total 4200 | 77 93 397 245 83 353 74 1202 801 183 374 318 Wait 393 | . 15 38 7 . 35 . 102 158 3 18 17 Move 3197 | 55 76 311 203 74 278 65 884 581 160 304 206 Hop . | . . . . . . . . . . . . Pick Up 73 | 7 . 13 8 5 1 1 15 15 1 5 2 Fast Attach 26 | 7 . 4 . . 1 . 11 1 . 2 . Attach 37 | . . 3 2 1 3 . 15 2 . 2 9 Detach 6 | . . 2 . . . . 3 1 . . . Swap 38 | . . 1 2 . 2 2 11 7 3 8 2 Drop 60 | . . 10 5 3 1 . 16 12 . 8 5 Fire 219 | 8 2 15 18 . 32 6 56 21 7 23 31 Melee 52 | . . . . . . . 32 2 9 4 5 Ram . | . . . . . . . . . . . . Kick . | . . . . . . . . . . . . Crush . | . . . . . . . . . . . . Escape Stasis . | . . . . . . . . . . . . Rewire 99 | . . . . . . . 57 1 . . 41 Trap . | . . . . . . . . . . . . Miscellaneous . | . . . . . . . . . . . . Route ------- -11/Scrapyard -10/Materials -9/Materials -8/Materials -7/Factory -7/Garrison -7/Storage -7/Garrison (discovered 3 exits: *Fac x3) -6/Factory -6/Garrison (discovered 3 exits: *Fac x3) -6/Factory -6/Garrison History --------- Turn | Location | Event 13 | -11/Scrapyard | Discovered new exit (range 15) 85 | -11/Scrapyard | Entered Materials 161 | -10/Materials | Discovered new exit (range 5) 167 | -10/Materials | Entered another Materials area 167 | -9/Materials | Evolved 2 slots: Utility x1, Weapon x1 547 | -9/Materials | Build established: Gunner 626 | -9/Materials | Discovered new exit (range 8) 676 | -9/Materials | Entered another Materials area 676 | -8/Materials | Evolved 2 slots: Propulsion x1, Utility x1 840 | -8/Materials | Destroyed 10 combat bots 974 | -8/Materials | Build established: Hacker-Gunner 982 | -8/Materials | Discovered new exit (range 10) 1052 | -8/Materials | Entered Factory 1052 | -7/Factory | Evolved 2 slots: Utility x2 1164 | -7/Factory | Identified exit to Garrison 1164 | -7/Factory | Entered Garrison 1202 | -7/Garrison | Triggered checkpoint 1348 | -7/Garrison | Build established: Hacker-Tank 1417 | -7/Garrison | Triggered checkpoint 1477 | -7/Garrison | Destroyed 7 combat bots 1592 | -7/Garrison | Triggered checkpoint 1654 | -7/Garrison | Triggered checkpoint 1696 | -7/Garrison | Discovered new exit (range 11) 1711 | -7/Garrison | Installed Relay Interface Framework 1735 | -7/Garrison | Entered Storage 1862 | -7/Storage | Identified exit to Garrison 1862 | -7/Storage | Entered Garrison 1918 | -7/Garrison | Triggered checkpoint 1993 | -7/Garrison | Destroyed 8 combat bots 2001 | -7/Garrison | Lost 6 parts (1p2n2u1w) 2082 | -7/Garrison | Triggered checkpoint 2160 | -7/Garrison | Discovered new exit (range 10) 2318 | -7/Garrison | Triggered checkpoint 2387 | -7/Garrison | Build established: Scavenger-Tank 2730 | -7/Garrison | Build established: Scavenger-Mutant 2866 | -7/Garrison | Lost 6 allies 2908 | -7/Garrison | Triggered checkpoint 3011 | -7/Garrison | Discovered new exit (range 15) 3012 | -7/Garrison | Triggered checkpoint 3143 | -7/Garrison | Build established: Scavenger-Tank 3167 | -7/Garrison | Discovered new exit (range 12) 3167 | -7/Garrison | Discovered new exit (range 40) 3167 | -7/Garrison | Discovered new exit (range 69) 3238 | -7/Garrison | Expanded RIF knowledge: Patrol Navigation 3369 | -7/Garrison | Garrison Relay disabled 3570 | -7/Garrison | Learned Factory security intel 3667 | -7/Garrison | Phase Generator disabled 3668 | -7/Garrison | Core integrity fell below 50% 3697 | -7/Garrison | Entered Factory 3697 | -6/Factory | Accompanied by 2 allies 3697 | -6/Factory | Evolved 2 slots: Propulsion x1, Utility x1 3907 | -6/Factory | Fabricated Adv. Terrain Scanner (x2) 3974 | -6/Factory | Repaired Adv. Treads 4007 | -6/Factory | Repaired Mni. Grenade Launcher 4772 | -6/Factory | Build established: Hacker-Tank 4880 | -6/Factory | Identified exit to Garrison 4881 | -6/Factory | Entered Garrison 4907 | -6/Garrison | Learned Factory security intel 4921 | -6/Garrison | Triggered checkpoint 5006 | -6/Garrison | Discovered new exit (range 57) 5006 | -6/Garrison | Discovered new exit (range 31) 5006 | -6/Garrison | Discovered new exit (range 70) 5125 | -6/Garrison | Expanded RIF knowledge: Watcher Feeds 5195 | -6/Garrison | Entered Factory 5810 | -6/Factory | Identified exit to Garrison 5810 | -6/Factory | Entered Garrison 6000 | -6/Garrison | Triggered checkpoint 6015 | -6/Garrison | P-60 Hacker assimilated allied CZ-Q4Y(g) 6181 | -6/Garrison | Spotted B-75 Beast 6183 | -6/Garrison | Triggered checkpoint 6184 | -6/Garrison | Triggered checkpoint 6246 | -6/Garrison | Core integrity fell below 50% 6284 | -6/Garrison | Lost 8 parts (2p3n1u2w) 6326 | -6/Garrison | Core integrity fell below 20% 6343 | -6/Garrison | Destroyed by B-75 Beast with Heavy Plasma Cannon Last Messages --------------- 06256_ Knocked back. 06256_ Dropped Hvy. Laser. 06259_ Knocked back. 06266_ B-75 Beast misfires. 06270_ Acquired 5 matter. 06277_ Acquired 7 matter. 06323_ PD Laser destroyed. 06330_ Destroyed Lgt. Nuclear Core. 06330_ S-27 Virus system corrupted by crushing effect. 06334_ System Shield destroyed. 06335_ Acquired 2 matter. 06335_ Imp. Medium Treads destroyed. 06336_ S-27 Virus IFF system glitched. 06336_ Imp. Heavy Treads destroyed. 06337_ S-27 Virus destroyed. 06338_ Acquired 19 matter. 06338_ Lrg. Storage Unit destroyed. 06339_ Hacking Suite destroyed. 06339_ S-27 Virus destroyed. Map ----- +----------------------------------------------------+ | ###%=!##### ###????????????????????????????????? | | ! #????????????????????????????????? | | %* #????????????????????????????????? | | ##############"##????????????????????????????????? | | #????????????# ?????????????????????????????????? | | ##############"##????????????????????????????????? | | #????????????????????????????????? | | #????????????????????????????????? | | #????????????????????????????????? | | ############# #????????????????????????????????? | | ????????????# #????????????????????????????????? | | ????????????# =#????????????????????????????????? | | ????????????#%[%#????????????????????????????????? | | ????????????# [!#????????????????????????????????? | | ????????????# #????????????????????????????????? | | ????????????# #????????????????????????????????? | | ????????????# #????????????????????????????????? | | ????????????#%% ############?????????????????????? | | ????????????# " #?????????????????????? | | ????????????# [ " #?????????????????????? | | ????????????# []##" #####BB#?????????????????????? | | ????????????# #?# #???#BB#?????????????????????? | | ????????????# #?# #???# #?????????????????????? | | ????????????# # #???# #?????????????????????? | | ???????????# #???# #?????????????????????? | | ???????????# # #???#@%#?????????????????????? | | ?????""" # # ## #s%#?????????????????????? | | ?????""" s ??????????????? | | [%= ??????????????? | | # * ^ ??????????????? | | ? ! # # ## ## #???????????????? | | ?############ # ### % #? #???????????????? | | ????????????####### +? % ? ??????????????? | | ???????????????????### = ?????????????? | | ?????????????????????? ! ????????????? | | ?????????????????????? ? "??????????? | | ?????????????????????### ##??? ## ???????????? | | ???????????????????????# #?????#? ???????????? | | ???????????????????????# ??????????????????????? | | ???????????????????????# ??????????????????????? | | ???????????????????????# ??????????????????????? | | ????????????????????????# ??????????????????????? | | ?????????????????????????????????????????????????? | | ?????????????????????????????????????????????????? | | ?????????????????????????????????????????????????? | | ?????????????????????????????????????????????????? | | ?????????????????????????????????????????????????? | | ?????????????????????????????????????????????????? | | ?????????????????????????????????????????????????? | | ?????????????????????????????????????????????????? | +----------------------------------------------------+ Best States ------------- Heat Dissipation 56 Energy Generation 21 Energy Capacity 250 Matter Stores 300 Matter Capacity 300 Sight Range 16 Terrain Scan Density 10 Armor Coverage 375 Resistance: KI 20 Power Shielding 66 Propulsion Shielding 33 Weapon Cycling 20 Evasion (%) 44 Targeting Accuracy 8 Target Analysis 5 Recoil Reduction 4 Offensive Hacking 10 Defensive Hacking 20 Relay Coupler Types 1 Relay Coupler Value 27 Item Schematics ----------------- None Robot Schematics ------------------ None Fabricated ------------ Adv. Terrain Scanner | x2 | -6/Factory | Preloaded Repaired ---------- Adv. Treads | 4% | -6/Factory Mni. Grenade Launcher | 42% | -6/Factory Studied --------- None Alien Tech Used ----------------- None Achievements -------------- None Challenges ------------ None Game ------ Seed AngularZeronetRifle Manual? 0 Play Time 01:05:02 Cumulative 114.8 hours Start 2025.12.07 @ 20:57:53 End 2025.12.07 @ 22:26:20 Sessions 3 Manual Loads 0 Difficulty Rogue Special Mode None Game No. 164 Rogue 164 Adventurer 0 Explorer 0 Win Type - Total 1 Types 1/0/0/0/0/0/0/0/0/0 Lore% 60 Gallery% 56 Achievement% 42 Wizard Run 0 Options --------- Layout 2 ASCII 0 Keyboard 0 Movement Mouse Keybinds 0 Fullscreen 1 Font 16/SmallcapsGlow Map View 50x44 Zoom Use 0% Tactical HUD 1 Map Filters NONE Filters NONE Steam SD RUN: ead4e9b7-d1ca-4db3-b909-f4f48e15fe05